 Dungeon Crawl Stone Soup version 0.20-a0-214-gb74cb0e (webtiles) character file.

298 KristoblXynda the Ducker (level 6, -1/32 HPs)
             Began as a Spriggan Fighter on Nov 27, 2016.
             Slain by an orc
             ... wielding a +2 hand axe of electrocution
              (14 damage)
             ... on level 4 of the Dungeon.
             The game lasted 00:05:54 (3164 turns).

KristoblXynda the Ducker (Spriggan Fighter)         Turns: 3164, Time: 00:05:54

Health: -1/32      AC:  2    Str: 12    XL:     6   Next: 13%
Magic:  7/7        EV: 21    Int: 11    God:
Gold:   110        SH:  6    Dex: 16    Spells: 5/5 levels left

rFire  . . .     SeeInvis +     o - +1 dagger (drain)
rCold  + . .     Gourm    .     b - +0 robe
rNeg   . . .     Faith    .     c - +0 buckler
rPois  .         Spirit   .     (helmet restricted)
rElec  .         Reflect  .     (no cloak)
rCorr  .         Harm     .     (gloves unavailable)
MR     +....                    (boots unavailable)
Stlth  +++.......               (no amulet)
                                q - -2 ring of dexterity
                                h - ring of protection from cold

@: very quick
A: unfitting armour, see invisible, agile 1, herbivore 3, speed 3, slow
metabolism 2
a: no special abilities


You were on level 4 of the Dungeon.
You were not hungry.

You visited 1 branch of the dungeon, and saw 4 of its levels.

You collected 110 gold pieces.

Inventory:

Hand Weapons
 a - a +0 rapier
 o - a +1 dagger of draining (weapon)
Armour
 b - a +0 robe (worn)
 c - a +0 buckler (worn)
Jewellery
 h - a ring of protection from cold (left hand)
 q - a -2 ring of dexterity (right hand)
Scrolls
 k - a scroll of immolation
 l - 4 scrolls of amnesia
Potions
 d - a potion of might
 j - a potion of heal wounds
 p - a potion of agility
Books
 e - a book of Minor Magic

   Spells                             Type                      Level
   a - Magic Dart                     Conjuration                  1
   b - Blink                          Translocation                2
   c - Call Imp                       Summoning                    2
   d - Repel Missiles                 Charms/Air                   2
   e - Slow                           Hexes                        2
   f - Conjure Flame                  Conjuration/Fire             3
   g - Mephitic Cloud                 Conjuration/Poison/Air       3
 i - a book of Conjurations

   Spells                             Type                      Level
   a - Magic Dart                     Conjuration                  1
   b - Searing Ray                    Conjuration                  2
   c - Dazzling Spray                 Conjuration/Hexes            3
   d - Fulminant Prism                Conjuration/Hexes            4
   e - Iskenderun's Mystic Blast      Conjuration                  4
   f - Iskenderun's Battlesphere      Conjuration/Charms           5
Comestibles
 f - 2 bread rations
 g - 4 fruits


   Skills:
 - Level 2.4 Fighting
 + Level 4.1 Short Blades
 + Level 6.4 Dodging
 + Level 4.3 Stealth
 + Level 3.0 Shields


You had 5 spell levels left.
You didn't know any spells.

Dungeon Overview and Level Annotations

Branches:
Dungeon (4/15)
 Temple: D:4-7

Altars:
Fedhas


Innate Abilities, Weirdness & Mutations

You are very small and have problems with some larger weapons.
You are too small for most types of armour.
You have supernaturally acute eyesight. (SInv)
You are a herbivore.
You cover ground extremely quickly.
You need consume almost no food.
You are agile. (Dex +2)


Message History

You closely miss the orc. You block the orc's attack.
You barely miss the orc. The orc completely misses you.
You barely miss the orc. The orc misses you.
You hit the orc but do no damage. The orc barely misses you.
You hit the orc but do no damage. You hit the orc but do no damage.
You block the orc's attack.
You barely miss the orc. The orc misses you.
You hit the orc. You drain the orc!
You kill the orc!
You barely miss the orc. The orc completely misses you.
You hit the orc.
The orc is lightly wounded.
You closely miss the orc.
The orc is lightly wounded.
The orc barely misses you.
You closely miss the orc.
The orc is lightly wounded.
The orc hits you with a hand axe of electrocution!
You are electrocuted!
You die...

### #.#**,,* *,* ##.## #.# *,,*
*,* ....# #.#**,,*****,* ##.##
####### #.!,,,,,,,,,,*** #.#
#.....# #.#**,,**,,,,,,*
##.#####.....# #.# *..#*,****,*
.#...........# #.# *..#*,* *,*
.#######.....# #.# *.>#*,* *,*
.## #.....# #@# *..#*,* *,***
..#* ###.#####o# *..#*,* *,,,,
.#,** #......##o###..##.##******
.##.####.#..≈...o..oo......,*****
....##.).......≈≈...o..o.#*,,,,,,
.##.##.#.#.#≈≈_≈≈.###..###*,,,,,,
.#..##.#.#.#.≈.≈.##*,,.#***,,****
.........#..≈...≈# *,*,..,,,,*
.......#*#####.#.# *,,,*#.,,,*


You could see 3 orcs.

Vanquished Creatures
  A bullfrog (D:3)
  2 orc priests
  A centaur skeleton (D:4)
  A gnoll (D:1)
  4 adders
  An ooze (D:2)
  A worm (D:3)
  6 dart slugs
  3 leopard geckos
  9 orcs
  A ball python (D:2)
  2 bats
  4 giant cockroaches
  6 goblins
  8 hobgoblins
  8 jackals
  3 frilled lizards (D:1)
  3 kobolds
  5 rats (D:1)
69 creatures vanquished.

Notes
Turn   | Place    | Note
-------+----------+-------------------------------------------
     0 | D:1      | KristoblXynda the Spriggan Fighter began the quest for the Orb.
     0 | D:1      | Reached XP level 1. HP: 11/11 MP: 2/2
   136 | D:1      | Reached skill level 1 in Stealth
   136 | D:1      | Reached XP level 2. HP: 11/16 MP: 3/3
   819 | D:1      | Reached XP level 3. HP: 19/19 MP: 4/4
  1162 | D:2      | Reached skill level 5 in Dodging
  1336 | D:2      | Reached XP level 4. HP: 12/23 MP: 5/5
  2008 | D:3      | Noticed a bullfrog
  2545 | D:3      | Noticed a phantom
  2548 | D:3      | Killed a bullfrog
  2548 | D:3      | Reached skill level 6 in Dodging
  2548 | D:3      | Reached XP level 5. HP: 9/27 MP: 6/6
  2550 | D:3      | Gained mutation: You are agile. (Dex +2) [potion of beneficial mutation]
  3110 | D:4      | Found a blossoming altar of Fedhas.
  3129 | D:4      | Reached XP level 6. HP: 25/32 MP: 7/7
  3164 | D:4      | Slain by an orc

Vault maps used:
D:1:      lightli_arrival_quake, grunt_decor_arrowhead, minmay_pentomino_v2
D:3:      lemuel_zombie_altar_yredelemnul
D:4:      grunt_ministairs_7, fedhas_altar_2

Skill      XL: |  1  2  3  4  5 |
---------------+----------------+-----
Stealth        | 1 2 3 4 |  4.3
Dodging        | 5 6 |  6.4
Short Blades   | 3 4 |  4.1
Shields        | 3 |  3.0
Fighting       | |  2.4

Action                   |  1- 3 |  4- 6 || total
-------------------------+-------+-------++-------
Melee: Rapier            |   138 |     6 ||   144
       Dagger            |       |   131 ||   131
  Use: Scroll            |       |     9 ||     9
       Potion            |       |     1 ||     1
 Stab: Sleeping          |     4 |     4 ||     8
Armor: Robe              |     6 |     7 ||    13
Dodge: Dodged            |   101 |    76 ||   177
Block: Buckler           |    45 |    17 ||    62
